 Dungeon Crawl Stone Soup version 0.22-a0-113-gdd6f4a9 (webtiles) character file.

31274 kuniqs the Summoner (level 13, -5/88 HPs)
             Began as a Gnoll Summoner on Jan 28, 2018.
             Was an Elder of Hepliaklqana.
             Slain by a sixfirhy (12 damage)
             ... summoned by an orc high priest
             ... on level 1 of the Orcish Mines.
             The game lasted 00:41:46 (16076 turns).

kuniqs the Summoner (Gnoll Summoner)               Turns: 16076, Time: 00:41:47

Health: -5/88      AC: 14    Str: 11    XL:     13   Next: 57%
Magic:  17/26      EV: 20    Int: 22    God:    Hepliaklqana [****..]
Gold:   1251       SH:  0    Dex: 22    Spells: 18/31 levels left

rFire    + + .     SeeInvis .   t - +6 quarterstaff (elec)
rCold    + . .     Gourm    +   (shield currently unavailable)
rNeg     . . .     Faith    .   x - +2 leather armour {rF+}
rPois    +         Spirit   .   h - +2 helmet
rElec    .         Reflect  .   o - +1 cloak
rCorr    .         Harm     .   H - +0 pair of gloves
MR       +....                  b - +0 pair of boots
Stlth    ++++......             v - amulet of the gourmand
HPRegen  0.24/turn              L - ring "Ezia" {rPois MR+ Dex+3}
MPRegen  0.20/turn              I - ring "Ynnoleurgh" {rF+ rC+ Dex+3}

@: no status effects
A: distributed training, reduced essence, fangs 1, strong nose
a: Recall Ancestor, Ancestor Identity, Transference, Idealise, Renounce Religion


You were on level 1 of the Orcish Mines.
You worshipped Hepliaklqana.
Hepliaklqana was greatly pleased with you.
You were completely stuffed.

You visited 3 branches of the dungeon, and saw 18 of its levels.

You collected 1335 gold pieces.
You spent 84 gold pieces at shops.

Inventory:

Hand Weapons
 t - a +6 quarterstaff of electrocution (weapon)
Armour
 b - a +0 pair of boots (worn)
 h - a +2 helmet (worn)
 o - a +1 cloak (worn)
 x - a +2 leather armour of fire resistance (worn)
 H - a +0 pair of gloves (worn)
 J - a +2 buckler
Jewellery
 g - an uncursed ring of wizardry
 v - an amulet of the gourmand (around neck)
 I - the ring "Ynnoleurgh" (right hand) {rF+ rC+ Dex+3}
   (You found it on level 3 of the Lair of Beasts)

   [ring of dexterity]

   It affects your dexterity (+3).
   It protects you from fire.
   It protects you from cold.
 L - the ring "Ezia" (left hand) {rPois MR+ Dex+3}
   (You found it on level 5 of the Lair of Beasts)

   [ring of poison resistance]

   It affects your dexterity (+3).
   It protects you from poison.
   It affects your resistance to hostile enchantments.
Wands
 k - a wand of acid (10)
 l - a wand of digging (11)
 B - a wand of flame (31)
 C - a wand of enslavement (7)
 O - a wand of disintegration (10)
 Q - a wand of polymorph (13)
Scrolls
 e - 5 scrolls of enchant armour
 f - 12 scrolls of teleportation
 p - 3 scrolls of amnesia
 q - 8 scrolls of remove curse {@r2}
 u - 2 scrolls of magic mapping
 w - a scroll of holy word
 y - 3 scrolls of immolation
 z - 2 scrolls of blinking
 A - a scroll of fog
 D - a scroll of brand weapon
 F - 2 scrolls of fear
 M - 2 scrolls of identify {@r1}
Potions
 a - 7 potions of flight
 d - 3 potions of brilliance
 i - 2 potions of mutation
 j - 2 potions of heal wounds
 m - a potion of magic
 n - a potion of invisibility
 r - a potion of might {unknown}
 s - 11 potions of curing {@q1}
 E - a potion of haste
 K - a potion of cancellation {unknown}
Miscellaneous
 G - a lightning rod (2/4)
 N - a phantom mirror
Comestibles
 c - 31 rations


   Skills:
 + Level 8.2 Fighting
 + Level 8.2 Short Blades
 + Level 8.2 Long Blades
 + Level 8.2 Axes
 + Level 8.2 Maces & Flails
 + Level 8.2 Polearms
 + Level 8.2 Staves
 + Level 8.2 Slings
 + Level 8.2 Bows
 + Level 8.2 Crossbows
 + Level 8.2 Throwing
 + Level 8.2 Armour
 + Level 9.5 Dodging
 + Level 9.3 Stealth
 + Level 8.2 Shields
 + Level 8.2 Unarmed Combat
 + Level 9.7 Spellcasting
 + Level 6.9 Conjurations
 + Level 6.9 Hexes
 + Level 6.9 Charms
 + Level 9.9 Summonings
 + Level 6.9 Necromancy
 + Level 6.9 Translocations
 + Level 6.9 Transmutations
 + Level 6.9 Fire Magic
 + Level 6.9 Ice Magic
 + Level 6.9 Air Magic
 + Level 6.9 Earth Magic
 + Level 6.9 Poison Magic
 + Level 9.0 Invocations
 + Level 8.2 Evocations


You had 18 spell levels left.
You knew the following spells:

 Your Spells              Type           Power        Failure   Level  Hunger
a - Summon Ice Beast      Ice/Summ       #####...     2%          4    ##.....
b - Call Imp              Summ           ######..     1%          2    None
c - Call Canine Familiar  Summ           ######..     1%          3    None
d - Summon Lightning Spi  Summ/Air       #####...     2%          4    ##.....


Dungeon Overview and Level Annotations

Branches:
Dungeon (11/15)            Temple (0/1) D:5            Lair (6/6) D:9
  Swamp (0/4) Lair:4        Snake (0/4) Lair:4        Slime (0/5) Lair:5
    Orc (1/2) D:10

Altars:
Ashenzari
Hepliaklqana
Nemelex Xobeh
Qazlal
Uskayaw
Jiyva

Shops:
D:4 ?

Annotations:
Lair:6 exclusion: door


Innate Abilities, Weirdness & Mutations

Your experience applies equally to all skills.
You have very sharp teeth.
Your uncanny sense of smell can sniff out nearby items.
Your life essence is reduced to manifest your ancestor. (-10% HP)


Message History

The orc high priest calls upon Beogh to heal the orc wizard.
The orc wizard's wounds heal themselves!
The sixfirhy closely misses you.
The sixfirhy hits you but does no damage.
The orc wizard barely misses your ice beast.
The sixfirhy hits you but does no damage.
The ice devil barely misses your ice beast.
Your ice beast barely misses the orc high priest.
The orc wizard hits your ice beast but does no damage.
Your ice beast barely misses the ice devil.
Something closely misses your ice beast.
The orc high priest mumbles some strange prayers to Beogh against you.
Your ice beast writhes in agony!
The sixfirhy hits you but does no damage.
There is a staircase back to the Dungeon here.
The sixfirhy hits you but does no damage.
The sixfirhy hits you.
* * * LOW HITPOINT WARNING * * *
The sixfirhy shocks you!
You die...

...$.##. .
####......
..###.......#
...#...oo..#
#.....o4)(#
......Yooo#
.......Y.##
#......o##
.......3@##
..........#
...(.....##
...$#......
..####.....#
.# ##......
......#.
.$..### #
.o..#


You could see an orc high priest, an ice devil, a sixfirhy, an orc priest, an
orc wizard, an orc and 2 friendly ice beasts.

Vanquished Creatures
  A dire elephant (Lair:6)
  A death yak (Lair:6)
  Urug (Lair:5)
  A manticore (Lair:6)
  3 black mambas
  5 spiny frogs
  2 torpor snails (Lair:6)
  A komodo dragon (Lair:3)
  A polar bear (Lair:4)
  A queen bee (D:9)
  A tyrant leech (Lair:6)
  2 hornets (Lair:6)
  3 hippogriffs
  A spriggan (Lair:4)
  8 yaks
  A steam dragon (Lair:2)
  A naga (Lair:4)
  A warg (Orc:1)
  5 water moccasins
  A sky beast (D:6)
  An eye of draining (D:9)
  An orc warrior (D:6)
  A slave (D:5)
  2 black bears
  A phantom (D:5)
  3 wolves
  3 centaurs
  3 crocodiles
  11 bullfrogs
  A scorpion (D:5)
  2 wights (D:9)
  4 crimson imps
  3 bullfrog skeletons
  5 orc wizards
  3 centaur skeletons
  3 iguanas
  3 worker ants (D:5)
  A hound zombie (D:8)
  4 adders
  A shadow imp (D:9)
  An ooze (D:6)
  An adder zombie (D:6)
  3 dart slugs
  A leopard gecko (shapeshifter) (D:8)
  7 leopard geckos
  17 orcs
  2 ball pythons (D:3)
  4 goblins
  4 hobgoblins
  6 jackals
  2 kobolds
  2 quokkas
  A ball python skeleton (D:4)
  3 bats
  5 frilled lizards
  2 jackal zombies
  2 rats
160 creatures vanquished.

Vanquished Creatures (collateral kills)
  5 hydras
  A catoblepas (Lair:6)
  Erica (D:10)
  3 two-headed ogres
  2 death yaks (Lair:6)
  Pikel (D:5)
  A lindwurm (Lair:6)
  A manticore (Lair:6)
  A cyclops (D:10)
  6 black mambas
  2 elephants (Lair:6)
  10 spiny frogs
  2 torpor snails (Lair:6)
  5 komodo dragons
  4 hornets (Lair:6)
  Grinder (D:6)
  2 hippogriffs (Lair:1)
  2 tyrant leeches (Lair:6)
  2 dream sheep (Lair:6)
  A wyvern (Lair:3)
  8 yaks
  4 basilisks
  A fire bat (shapeshifter) (Lair:6)
  A hungry ghost (D:7)
  A warg (Orc:1)
  5 nagas (Lair:4)
  8 water moccasins
  8 porcupines
  3 slaves (D:5)
  An ice beast (D:9)
  3 ogres
  A sky beast (D:5)
  A necrophage (D:9)
  4 orc warriors
  7 wolves
  2 centaurs
  5 crocodiles
  5 bullfrogs
  A gnoll sergeant (D:5)
  22 killer bees
  5 wights (D:9)
  3 crimson imps
  Crazy Yiuf (D:3)
  4 hounds
  A centaur skeleton (D:4)
  4 orc priests
  2 jellies
  8 orc wizards
  Jessica (D:2)
  A bullfrog skeleton (D:8)
  An iguana (D:3)
  2 worker ants
  Robin (D:3)
  A worker ant zombie (D:8)
  5 gnolls (D:5)
  A howler monkey skeleton (D:7)
  5 adders
  A shadow imp (D:5)
  3 worms
  A dart slug (D:2)
  4 leopard geckos
  16 orcs
  2 giant cockroaches (D:1)
  13 goblins
  3 hobgoblins
  4 jackals
  A quokka (D:8)
  4 bats
  2 frilled lizards
  2 kobolds (D:2)
  A rat (D:1)
  A butterfly (Lair:3)
  2 plants
250 creatures vanquished.

Vanquished Creatures (others)
  An orc wizard (D:9)
  23 battlemagi
  4 ancestors
  6 fungi
  10 plants
44 creatures vanquished.

Grand Total: 454 creatures vanquished

Notes
Turn   | Place    | Note
-------+----------+-------------------------------------------
     0 | D:1      | kuniqs the Gnoll Summoner began the quest for the Orb.
     0 | D:1      | Reached XP level 1. HP: 13/13 MP: 6/6
   137 | D:1      | Reached XP level 2. HP: 16/19 MP: 7/7
   141 | D:1      | Learned a level 2 spell: Call Imp
   818 | D:2      | Reached XP level 3. HP: 22/25 MP: 1/9
   858 | D:2      | Learned a level 3 spell: Call Canine Familiar
  1003 | D:2      | Reached skill level 5 in Spellcasting
  1086 | D:2      | Reached skill level 1 in Invocations
  1311 | D:2      | Found a sparkling altar of Nemelex Xobeh.
  1311 | D:2      | Noticed Jessica
  1325 | D:2      | Killed Jessica
  1325 | D:2      | Reached skill level 1 in Fighting
  1325 | D:2      | Reached skill level 1 in Short Blades
  1325 | D:2      | Reached skill level 1 in Long Blades
  1325 | D:2      | Reached skill level 1 in Axes
  1325 | D:2      | Reached skill level 1 in Maces & Flails
  1325 | D:2      | Reached skill level 1 in Polearms
  1325 | D:2      | Reached skill level 1 in Staves
  1325 | D:2      | Reached skill level 1 in Slings
  1325 | D:2      | Reached skill level 1 in Bows
  1325 | D:2      | Reached skill level 1 in Crossbows
  1325 | D:2      | Reached skill level 1 in Throwing
  1325 | D:2      | Reached skill level 1 in Armour
  1325 | D:2      | Reached skill level 1 in Shields
  1325 | D:2      | Reached skill level 1 in Unarmed Combat
  1325 | D:2      | Reached skill level 1 in Evocations
  1325 | D:2      | Reached XP level 4. HP: 32/32 MP: 1/11
  1427 | D:3      | Learned a level 4 spell: Summon Ice Beast
  1432 | D:3      | Learned a level 4 spell: Summon Lightning Spire
  1462 | D:3      | Found a stormy altar of Qazlal.
  1462 | D:3      | Found a hide-covered altar of Uskayaw.
  1525 | D:3      | Reached skill level 1 in Conjurations
  1525 | D:3      | Reached skill level 1 in Hexes
  1525 | D:3      | Reached skill level 1 in Charms
  1525 | D:3      | Reached skill level 1 in Necromancy
  1525 | D:3      | Reached skill level 1 in Translocations
  1525 | D:3      | Reached skill level 1 in Transmutations
  1525 | D:3      | Reached skill level 1 in Fire Magic
  1525 | D:3      | Reached skill level 1 in Ice Magic
  1525 | D:3      | Reached skill level 1 in Air Magic
  1525 | D:3      | Reached skill level 1 in Earth Magic
  1525 | D:3      | Reached skill level 1 in Poison Magic
  1972 | D:3      | Reached XP level 5. HP: 37/37 MP: 12/12
  2012 | D:3      | Found a runed door.
  2017 | D:3      | Noticed Crazy Yiuf
  2048 | D:3      | Killed Crazy Yiuf
  2077 | D:3      | Noticed Robin
  2103 | D:3      | Killed Robin
  2391 | D:4      | Found Loingutt's Magic Scroll Boutique.
  2402 | D:4      | Bought a scroll of magic mapping for 45 gold pieces
  2402 | D:4      | Bought a scroll of noise for 13 gold pieces
  2402 | D:4      | Bought a scroll of identify for 26 gold pieces
  2525 | D:4      | Reached XP level 6. HP: 42/44 MP: 13/13
  2690 | D:4      | Found a hazy altar of Hepliaklqana.
  2695 | D:4      | Became a worshipper of Hepliaklqana the Forgotten
  2956 | D:5      | Entered Level 5 of the Dungeon
  3159 | D:5      | Reached skill level 5 in Dodging
  3604 | D:5      | Reached XP level 7. HP: 45/45 MP: 13/15
  3650 | D:5      | Noticed Pikel
  3780 | D:5      | Killed Pikel
  3780 | D:5      | Reached skill level 5 in Stealth
  3947 | D:5      | Reached XP level 8. HP: 51/51 MP: 11/16
  4185 | D:5      | Found a shattered altar of Ashenzari.
  4306 | D:5      | Found a staircase to the Ecumenical Temple.
  4306 | D:5      | Reached * piety under Hepliaklqana
  4933 | D:6      | Noticed Grinder
  4950 | D:6      | Killed Grinder
  4950 | D:6      | Reached XP level 9. HP: 53/58 MP: 12/18
  5156 | D:7      | Found a shattered altar of Ashenzari.
  5788 | D:7      | Reached ** piety under Hepliaklqana
  5789 | D:7      | Remembered your ancestor FriĆ°uswiĆ¾ as a battlemage
  7118 | D:9      | Reached skill level 5 in Invocations
  7182 | D:9      | Found a staircase to the Lair.
  7253 | D:9      | Noticed a two-headed ogre
  7263 | D:9      | Killed a two-headed ogre
  7263 | D:9      | Reached XP level 10. HP: 65/65 MP: 12/20
  7349 | D:9      | Reached skill level 5 in Fighting
  7349 | D:9      | Reached skill level 5 in Short Blades
  7349 | D:9      | Reached skill level 5 in Long Blades
  7349 | D:9      | Reached skill level 5 in Axes
  7349 | D:9      | Reached skill level 5 in Maces & Flails
  7349 | D:9      | Reached skill level 5 in Polearms
  7349 | D:9      | Reached skill level 5 in Staves
  7349 | D:9      | Reached skill level 5 in Slings
  7349 | D:9      | Reached skill level 5 in Bows
  7349 | D:9      | Reached skill level 5 in Crossbows
  7349 | D:9      | Reached skill level 5 in Throwing
  7349 | D:9      | Reached skill level 5 in Armour
  7349 | D:9      | Reached skill level 5 in Shields
  7349 | D:9      | Reached skill level 5 in Unarmed Combat
  7349 | D:9      | Reached skill level 5 in Evocations
  7586 | D:9      | Reached *** piety under Hepliaklqana
  7972 | D:9      | Noticed a two-headed ogre
  7991 | D:9      | Killed a two-headed ogre
  8209 | D:10     | Entered Level 10 of the Dungeon
  8222 | D:10     | Noticed a cyclops
  8243 | D:10     | Killed a cyclops
  8380 | D:10     | Found a staircase to the Orcish Mines.
  8481 | D:10     | Noticed Erica
  8493 | D:10     | Killed Erica
  8635 | D:10     | Noticed a two-headed ogre
  8637 | D:10     | Reached XP level 11. HP: 72/72 MP: 17/22
  8645 | D:10     | Killed a two-headed ogre
  8769 | Lair:1   | Entered Level 1 of the Lair of Beasts
  9081 | Lair:1   | Reached skill level 5 in Conjurations
  9081 | Lair:1   | Reached skill level 5 in Hexes
  9081 | Lair:1   | Reached skill level 5 in Charms
  9081 | Lair:1   | Reached skill level 5 in Necromancy
  9081 | Lair:1   | Reached skill level 5 in Translocations
  9081 | Lair:1   | Reached skill level 5 in Transmutations
  9081 | Lair:1   | Reached skill level 5 in Fire Magic
  9081 | Lair:1   | Reached skill level 5 in Ice Magic
  9081 | Lair:1   | Reached skill level 5 in Air Magic
  9081 | Lair:1   | Reached skill level 5 in Earth Magic
  9081 | Lair:1   | Reached skill level 5 in Poison Magic
  9111 | Lair:1   | Reached **** piety under Hepliaklqana
 10745 | Lair:3   | Got a steaming gossamer ring
 10746 | Lair:3   | Identified the ring "Ynnoleurgh" {rF+ rC+ Dex+3} (You found it on level 3 of the Lair of Beasts)
 10847 | Lair:3   | Reached ***** piety under Hepliaklqana
 11145 | Lair:3   | Reached XP level 12. HP: 80/80 MP: 12/24
 11429 | Lair:4   | Noticed an eight-headed hydra
 11437 | Lair:4   | Killed an eight-headed hydra
 11735 | Lair:4   | Found a staircase to the Snake Pit.
 11864 | Lair:4   | Found a staircase to the Swamp.
 12579 | Lair:5   | Noticed Urug
 12602 | Lair:5   | Killed Urug
 12709 | Lair:5   | Noticed a six-headed hydra
 12723 | Lair:5   | Killed a six-headed hydra
 13078 | Lair:5   | Noticed a seven-headed hydra
 13097 | Lair:5   | Killed a seven-headed hydra
 13286 | Lair:5   | Got a faintly glowing iron ring
 13287 | Lair:5   | Identified the ring "Ezia" {rPois MR+ Dex+3} (You found it on level 5 of the Lair of Beasts)
 13512 | Lair:5   | Found a viscous altar of Jiyva.
 13513 | Lair:5   | Found a staircase to the Slime Pits.
 13653 | Lair:6   | Entered Level 6 of the Lair of Beasts
 13653 | Lair:6   | Noticed a four-headed hydra
 13660 | Lair:6   | Killed a four-headed hydra
 13990 | Lair:6   | Found a runed door.
 14009 | Lair:6   | Noticed an ice dragon
 14050 | Lair:6   | Reached XP level 13. HP: 78/88 MP: 13/26
 15019 | Lair:6   | Noticed a dire elephant
 15057 | Lair:6   | Killed a dire elephant
 16052 | Orc:1    | Entered Level 1 of the Orcish Mines
 16076 | Orc:1    | Slain by a sixfirhy

Vault maps used:
D:1:      minmay_arrival_semitransparent, kennysheep_decorative_pillar,
          minivault_23
D:2:      first_ration, nemelex_lonely_heart_becter
D:3:      grunt_temple_overflow_open, uniq_robin, uniq_crazy_yiuf_cottage
D:4:      lemuel_doored_altar, serial_shops, shop, dk_noncrumbling_3
D:5:      overflow_temple_1_default, minmay_temple_entry_fiery, uniq_pikel
D:6:      serial_bayou_crossing, uniq_grinder
D:7:      basic_altar
D:9:      lair_entry_dummy, david_nohive_1
D:10:     orc_0_dummy, hangedman_decor_push, minmay_sticks_and_stones,
          uniq_erica
Lair:1:   grunt_megastairs_4
Lair:3:   lemuel_fruit_fields
Lair:4:   swamp_mist_pool, minmay_snake_entry_guardpost_medium,
          grunt_forest_stairs_clearing
Lair:5:   slime_altar_1, uniq_urug
Lair:6:   hangedman_lair_in_review, wormcave
Orc:1:    cheibrodos_orc_bank, serial_shops, shop_statue

Skill      XL: |  1  2  3  4  5  6  7  8  9 10 11 12 13 |
---------------+----------------------------------------+-----
Spellcasting   | 5 6 7 8 9 |  9.7
Invocations    | 1 2 3 4 5 6 7 8 9 |  9.0
Fighting       | 1 2 3 4 5 6 7 8 |  8.2
Short Blades   | 1 2 3 4 5 6 7 8 |  8.2
Long Blades    | 1 2 3 4 5 6 7 8 |  8.2
Axes           | 1 2 3 4 5 6 7 8 |  8.2
Maces & Flails | 1 2 3 4 5 6 7 8 |  8.2
Polearms       | 1 2 3 4 5 6 7 8 |  8.2
Staves         | 1 2 3 4 5 6 7 8 |  8.2
Slings         | 1 2 3 4 5 6 7 8 |  8.2
Bows           | 1 2 3 4 5 6 7 8 |  8.2
Crossbows      | 1 2 3 4 5 6 7 8 |  8.2
Throwing       | 1 2 3 4 5 6 7 8 |  8.2
Armour         | 1 2 3 4 5 6 7 8 |  8.2
Shields        | 1 2 3 4 5 6 7 8 |  8.2
Unarmed Combat | 1 2 3 4 5 6 7 8 |  8.2
Evocations     | 1 2 3 4 5 6 7 8 |  8.2
Conjurations   | 1 2 3 4 5 6 |  6.9
Hexes          | 1 2 3 4 5 6 |  6.9
Charms         | 1 2 3 4 5 6 |  6.9
Necromancy     | 1 2 3 4 5 6 |  6.9
Translocations | 1 2 3 4 5 6 |  6.9
Transmutations | 1 2 3 4 5 6 |  6.9
Fire Magic     | 1 2 3 4 5 6 |  6.9
Ice Magic      | 1 2 3 4 5 6 |  6.9
Air Magic      | 1 2 3 4 5 6 |  6.9
Earth Magic    | 1 2 3 4 5 6 |  6.9
Poison Magic   | 1 2 3 4 5 6 |  6.9
Dodging        | 5 6 7 8 9 |  9.5
Stealth        | 5 6 7 8 9 |  9.3
Summonings     | 8 9 |  9.9

Action                   |  1- 3 |  4- 6 |  7- 9 | 10-12 | 13-15 || total
-------------------------+-------+-------+-------+-------+-------++-------
Melee: Unarmed           |    20 |       |       |       |       ||    20
       Bite              |     5 |    10 |    15 |    28 |    15 ||    73
       Spear             |    50 |    69 |       |       |       ||   119
       Quarterstaff      |       |    48 |   176 |   251 |    85 ||   560
 Cast: Summon Small Mamm |     7 |       |       |       |       ||     7
       Call Imp          |    11 |    12 |    16 |     4 |       ||    43
       Call Canine Famil |     2 |    13 |    17 |     6 |     1 ||    39
       Summon Lightning  |       |       |     5 |    12 |     1 ||    18
       Summon Ice Beast  |       |       |     1 |    97 |    47 ||   145
Invok: Recall Ancestor   |       |       |     2 |       |       ||     2
       Ancestor Life: Ba |       |       |     1 |       |       ||     1
Evoke: Lightning rod     |       |       |       |     4 |     2 ||     6
       Wand              |       |       |       |       |     4 ||     4
  Use: Scroll            |     5 |     2 |     8 |     7 |     2 ||    24
       Potion            |       |     4 |       |     1 |       ||     5
 Stab: Sleeping          |     3 |     5 |    10 |    13 |     1 ||    32
       Distracted        |     2 |     1 |     1 |     7 |       ||    11
       Paralysed         |       |       |       |       |     4 ||     4
  Eat: Chunk             |     1 |     8 |    26 |    32 |     8 ||    75
Armor: Robe              |     9 |    24 |     9 |       |       ||    42
       Leather armour    |       |       |    49 |    81 |    26 ||   156
Dodge: Dodged            |    49 |    69 |   153 |   207 |    97 ||   575

Table legend:
 A = Spawn XP
 B = Non-spawn XP
 C = Spawn XP percentage of total XP
 D = Spawn monster count
 E = Non-spawn monster count
 F = Spawn count percentage of total count
 G = Total turns spent on level
                    A         B        C        D         E        F      G
               +---------+---------+-------+---------+---------+-------+---------
         Total |       0 |   44678 |   0.0 |       0 |     404 |   0.0 | 16076
               +---------+---------+-------+---------+---------+-------+---------
           D:1 |       0 |      26 |   0.0 |       0 |      18 |   0.0 |   802
           D:2 |       0 |      61 |   0.0 |       0 |      20 |   0.0 |   553
           D:3 |       0 |     120 |   0.0 |       0 |      35 |   0.0 |   904
           D:4 |       0 |     225 |   0.0 |       0 |      13 |   0.0 |  1155
           D:5 |       0 |    1227 |   0.0 |       0 |      30 |   0.0 |  1093
           D:6 |       0 |     849 |   0.0 |       0 |      17 |   0.0 |   596
           D:7 |       0 |     640 |   0.0 |       0 |      23 |   0.0 |  1122
           D:8 |       0 |     859 |   0.0 |       0 |      26 |   0.0 |   859
           D:9 |       0 |    3339 |   0.0 |       0 |      54 |   0.0 |  1145
          D:10 |       0 |    2525 |   0.0 |       0 |      14 |   0.0 |   591
        Lair:1 |       0 |    4206 |   0.0 |       0 |      25 |   0.0 |  1405
        Lair:2 |       0 |    3315 |   0.0 |       0 |      19 |   0.0 |   564
        Lair:3 |       0 |    1313 |   0.0 |       0 |       7 |   0.0 |   725
        Lair:4 |       0 |    4741 |   0.0 |       0 |      27 |   0.0 |  1025
        Lair:5 |       0 |    5143 |   0.0 |       0 |      21 |   0.0 |  1252
        Lair:6 |       0 |   15540 |   0.0 |       0 |      46 |   0.0 |  2259
         Orc:1 |       0 |     549 |   0.0 |       0 |       9 |   0.0 |    24
               +---------+---------+-------+---------+---------+-------+---------
